 Dungeon Crawl Stone Soup version 0.23.0-41-g86b089e62c (webtiles) character file.

Game seed: 0

4214 OdinFK the Thaumaturge (level 10, -9/50 HPs)
             Began as a Deep Elf Fire Elementalist on Feb 27, 2019.
             Was an Elder of Vehumet.
             Mangled by Joseph
             ... wielding a +0 quarterstaff
              (14 damage)
             ... on level 8 of the Dungeon on Feb 28, 2019.
             The game lasted 00:47:06 (8306 turns).

OdinFK the Thaumaturge (Deep Elf Fire Elementalist) Turns: 8306, Time: 00:47:06

Health: -9/50      AC:  3    Str:  5    XL:     10   Next: 9%
Magic:  19/27      EV: 14    Int: 29    God:    Vehumet [****..]
Gold:   356        SH:  0    Dex: 15    Spells: 7/32 levels left

rFire    . . .     SeeInvis .   k - +3 dagger (venom)
rCold    . . .     Gourm    .   (no shield)
rNeg     . . .     Faith    .   a - +0 robe
rPois    .         Spirit   .   J - +1 hat
rElec    .         Reflect  .   (no cloak)
rCorr    .         Harm     .   (no gloves)
MR       +....                  (no boots)
Stlth    ++........             (no amulet)
HPRegen  0.16/turn              (no ring)
MPRegen  0.20/turn              y - +5 ring of intelligence

@: no status effects
A: no striking features
a: Renounce Religion


You were on level 8 of the Dungeon.
You worshipped Vehumet.
Vehumet was greatly pleased with you.
You were not hungry.

You visited 1 branch of the dungeon, and saw 8 of its levels.
You also visited: Sewer.

You collected 440 gold pieces.
You spent 84 gold pieces at shops.

Inventory:

Hand Weapons
 k - a +3 dagger of venom (weapon)
Armour
 a - a +0 robe (worn)
 J - a +1 hat (worn)
Magical Staves
 r - an uncursed staff of poison
Jewellery
 y - a +5 ring of intelligence (right hand)
Wands
 v - a wand of iceblast (8)
 x - a wand of acid (9)
 B - a wand of scattershot (6)
 I - a wand of random effects (8)
 K - a wand of flame (12)
Scrolls
 b - 2 scrolls of amnesia
 h - 2 scrolls of enchant weapon
 i - 2 scrolls of fear {unknown}
 j - a scroll of identify
 o - 2 scrolls of remove curse
 p - a scroll of holy word {unknown}
 q - 3 scrolls of blinking {unknown}
 s - a scroll of immolation {unknown}
 t - 4 scrolls of magic mapping
 u - 6 scrolls of teleportation
 C - a scroll of fog {unknown}
 D - a scroll of noise {unknown}
 H - a scroll of random uselessness {unknown}
Potions
 d - 5 potions of brilliance
 e - a potion of cancellation
 f - a potion of ambrosia
 g - 2 potions of might
 l - 5 potions of curing
 m - 2 potions of heal wounds
 n - 3 potions of haste
 w - a potion of lignification
 z - a potion of flight {unknown}
 A - 3 potions of resistance {unknown}
 E - 3 potions of mutation {unknown}
 F - 3 potions of magic {unknown}
Comestibles
 c - 20 rations
 G - 2 chunks of flesh


   Skills:
 + Level 1.4 Short Blades
 + Level 3.4 Dodging
 - Level 2.4 Stealth
 + Level 11.5 Spellcasting
 + Level 9.3 Conjurations
 + Level 8.8 Fire Magic
 + Level 1.4 Earth Magic
 + Level 0.8 Evocations


You had 7 spell levels left.
You knew the following spells:

 Your Spells              Type           Power        Failure   Level  Hunger
a - Flame Tongue          Conj/Fire      #####        1%          1    None
b - Throw Flame           Conj/Fire      ######       1%          2    None
c - Conjure Flame         Conj/Fire      ######..     1%          3    None
d - Sticky Flame          Conj/Fire      ######..     1%          4    None
e - Fireball              Conj/Fire      ######....   1%          5    ###....
f - Stone Arrow           Conj/Erth      #####.       1%          3    None
g - Lightning Bolt        Conj/Air       #####.....   3%          5    ###....
h - Blink                 Tloc           N/A          4%          2    None

Your spell library contained the following spells:

 Spells                   Type           Power        Failure   Level  Hunger
 Magic Dart               Conj           ####         1%          1    None
 Dazzling Spray           Conj/Hex       #####.       1%          3    None
 Inner Flame              Hex/Fire       #####...     1%          3    None
 Mephitic Cloud           Conj/Pois/Air  ####....     1%          3    None
 Corona                   Hex            ###....      3%          1    None
 Call Imp                 Summ           ###.....     4%          2    None
 Ensorcelled Hibernation  Hex/Ice        ###...       4%          2    None
 Slow                     Hex            ###.....     4%          2    None
 Confuse                  Hex            ###.....     10%         3    None
 Tukima's Dance           Hex            ###.....     10%         3    None


Dungeon Overview and Level Annotations

Branches:
Dungeon (8/15)             Temple (0/1) D:4            Lair (0/6) D:8

Altars:
Ashenzari
Fedhas
Gozag
Hepliaklqana
Kikubaaqudgha
Nemelex Xobeh
Okawaru
Qazlal
Trog
Uskayaw
Vehumet
Xom
Zin
The Shining One
Beogh

Shops:
D:7 **%

Annotations:
D:3 3 runed translucent doors, stillor's ghost, amateur DrWz
D:8 Joseph


Message History

Aim: Joseph, wielding a +2 hunting sling of freezing and wearing a +0 leather armour The stone arrow hits Joseph!!
Joseph is moderately wounded.
A gnoll comes into view. It is wielding a +0 club.
Joseph shoots a sling bullet.
The sling bullet hits you!!
* * * LOW HITPOINT WARNING * * *
The sling bullet freezes you.
* * * LOW HITPOINT WARNING * * *
Okay, then.
Casting: Stone Arrow (safe; 1% risk of failure)
Confirm with . or Enter, or press ? or * to list all spells.
You blink.
A gnoll comes into view. It is wielding a +0 spear.
The gnoll shouts!
A gnoll comes into view. It is wielding a +0 club.
The gnoll shouts!
The gnoll throws a throwing net.
The throwing net closely misses you.
Joseph unwields a +2 hunting sling of freezing.
Joseph wields a +0 quarterstaff.
Joseph hits you with a +0 quarterstaff!
You die...

#.#........#
#.########.# #.# #.# #.#
#.# #.# #.# #
####.########§##.#...#
..............§......#.#
#############.#@##.O....
#.#(@.gg...#
#.#####g...# #.# ..#
##### #.# # ....# #.#
....# +# ....# ....#
....#


You could see Joseph, an ogre and 3 gnolls.

Vanquished Creatures
  2 hippogriffs (D:7)
  A hungry ghost (D:7)
  Eustachio (D:6)
  Edmund (D:6)
  A water moccasin (D:7)
  An ice beast (D:5)
  4 sky beasts
  3 phantoms
  4 ogres
  A centaur (D:6)
  6 bullfrogs
  3 scorpions
  A wight (D:6)
  4 howler monkeys (D:7)
  4 crimson imps
  A bullfrog zombie (D:7)
  2 centaur zombies
  2 jellies
  8 hounds
  4 orc priests
  6 worker ants
  Ijyb (D:4)
  2 iguanas
  6 orc wizards
  A hound zombie (D:5)
  A hound skeleton (D:6)
  14 gnolls
  13 adders
  4 river rats (Sewer)
  2 oozes
  2 adder zombies (D:6)
  3 adder skeletons
  3 worms
  3 dart slugs
  3 leopard geckos
  18 orcs
  13 ball pythons
  5 giant cockroaches
  9 goblins
  13 hobgoblins
  11 jackals
  8 kobolds
  7 quokkas
  12 bats
  5 frilled lizards
  A giant cockroach zombie (D:1)
  A leopard gecko zombie (D:1)
  30 rats
251 creatures vanquished.

Notes
Turn   | Place    | Note
-------+----------+-------------------------------------------
     0 | D:1      | OdinFK the Deep Elf Fire Elementalist began the quest for
                  | the Orb.
     0 | D:1      | Reached XP level 1. HP: 10/10 MP: 6/6
   257 | D:1      | Reached XP level 2. HP: 15/15 MP: 4/8
   673 | D:1      | Reached XP level 3. HP: 18/19 MP: 10/10
   907 | D:1      | Upgraded the game from 0.23.0-33-g5e6c059fef to
                  | 0.23.0-41-g86b089e62c
   924 | D:2      | Learned a level 2 spell: Throw Flame
   928 | D:2      | Learned a level 3 spell: Conjure Flame
   954 | D:2      | Found a shimmering altar of Xom.
  1021 | D:2      | Reached skill level 4 in Spellcasting
  1147 | D:2      | You fall through a shaft for 2 floors!
  1500 | D:3      | Reached XP level 4. HP: 24/24 MP: 9/12
  1724 | D:3      | Reached XP level 5. HP: 28/28 MP: 7/14
  2063 | D:2      | Reached skill level 5 in Spellcasting
  2069 | D:2      | Learned a level 4 spell: Sticky Flame
  2191 | D:2      | Found an opulent altar of Gozag.
  2195 | D:2      | Found a glowing silver altar of Zin.
  2356 | D:2      | Found a sparkling altar of Nemelex Xobeh.
  2388 | D:2      | Found a radiant altar of Vehumet.
  2388 | D:2      | Found a hazy altar of Hepliaklqana.
  2388 | D:2      | Found a hide-covered altar of Uskayaw.
  2422 | D:2      | Became a worshipper of Vehumet
  2629 | D:3      | Found a runed translucent gate.
  2630 | D:3      | Found a runed translucent gate.
  2630 | D:3      | Identified the +8 short sword of Grandeur {freeze, *Drain
                  | rElec rC+ rN+++}
  2630 | D:3      | Identified the +7 chain mail of Amorality {Str+7 Int-2}
  2631 | D:3      | Found a runed translucent gate.
  2631 | D:3      | Found a roughly hewn altar of Beogh.
  2631 | D:3      | Noticed stillor's ghost (amateur DrWz)
  3264 | D:4      | Found a staircase to the Ecumenical Temple.
  3291 | D:4      | Reached skill level 5 in Fire Magic
  3392 | D:4      | Found a bloodstained altar of Trog.
  3392 | D:4      | Found a shattered altar of Ashenzari.
  3418 | D:4      | Noticed Ijyb
  3423 | D:4      | Killed Ijyb
  3423 | D:4      | Reached XP level 6. HP: 31/32 MP: 6/16
  3893 | D:4      | Found a sparkling altar of Nemelex Xobeh.
  3937 | D:5      | Entered Level 5 of the Dungeon
  3937 | D:5      | Noticed a sky beast
  3992 | D:4      | Killed a sky beast
  3992 | D:4      | Reached skill level 6 in Spellcasting
  4130 | D:4      | Reached XP level 7. HP: 10/36 MP: 1/18
  4271 | D:5      | Found a glowing drain.
  4281 | Sewer    | Entered a sewer
  4353 | Sewer    | Reached * piety under Vehumet
  4353 | Sewer    | Offered knowledge of Freeze by Vehumet.
  4362 | Sewer    | Reached skill level 7 in Spellcasting
  4743 | Sewer    | Reached ** piety under Vehumet
  4778 | Sewer    | Learned a level 5 spell: Fireball
  4818 | Sewer    | Offered knowledge of Sting by Vehumet.
  4902 | D:5      | Reached skill level 5 in Conjurations
  4935 | D:5      | Reached skill level 8 in Spellcasting
  5004 | D:5      | Reached XP level 8. HP: 41/41 MP: 3/22
  5234 | D:5      | Offered knowledge of Stone Arrow by Vehumet.
  5239 | D:5      | Learned a level 3 spell: Stone Arrow
  5569 | D:6      | Reached skill level 9 in Spellcasting
  5575 | D:6      | Found an ancient bone altar of Kikubaaqudgha.
  5576 | D:6      | Found a blossoming altar of Fedhas.
  5589 | D:6      | Found an iron altar of Okawaru.
  5606 | D:6      | Noticed Eustachio
  5617 | D:6      | Killed Eustachio
  5703 | D:6      | Reached *** piety under Vehumet
  6061 | D:6      | Reached skill level 1 in Short Blades
  6061 | D:6      | Reached XP level 9. HP: 36/45 MP: 16/24
  6102 | D:6      | Reached skill level 10 in Spellcasting
  6135 | D:6      | Found a stormy altar of Qazlal.
  6239 | D:6      | Noticed Edmund
  6251 | D:6      | Offered knowledge of Static Discharge by Vehumet.
  6295 | D:6      | Killed Edmund
  6792 | D:7      | Found Archofruc's Food Emporium.
  6807 | D:7      | Reached skill level 1 in Earth Magic
  6984 | D:7      | Found Fyvem's General Store.
  6996 | D:7      | Reached skill level 11 in Spellcasting
  7224 | D:7      | Bought a scroll of amnesia for 42 gold pieces
  7230 | D:7      | Reached **** piety under Vehumet
  7490 | D:7      | Found Zimaip's Assorted Antiques.
  7497 | D:7      | Bought a scroll labeled XOEH EB VEIWI for 21 gold pieces
  7497 | D:7      | Bought a scroll labeled ADAOLU TOANGA for 21 gold pieces
  7612 | D:7      | Reached XP level 10. HP: 50/50 MP: 23/27
  7665 | D:7      | Found a sparkling altar of Nemelex Xobeh.
  7852 | D:7      | Found a glowing golden altar of the Shining One.
  7921 | D:8      | Found a staircase to the Lair.
  8163 | D:8      | Offered knowledge of Lightning Bolt by Vehumet.
  8175 | D:8      | Learned a level 5 spell: Lightning Bolt
  8237 | D:8      | Found a radiant altar of Vehumet.
  8256 | D:8      | Learned a level 2 spell: Blink
  8303 | D:8      | Noticed Joseph
  8306 | D:8      | Mangled by Joseph

Skill      XL: |  1  2  3  4  5  6  7  8  9 |
---------------+----------------------------+-----
Fire Magic     | 4 5 6 7 8 |  8.8
Spellcasting   | 4 5 6 8 9 11 | 11.5
Conjurations   | 2 3 4 5 7 9 |  9.3
Short Blades   | 1 |  1.4
Earth Magic    | 1 |  1.4
Dodging        | 3 |  3.4
Stealth        | |  2.4
Evocations     | |  0.8

Action                   |  1- 3 |  4- 6 |  7- 9 | 10-12 || total
-------------------------+-------+-------+-------+-------++-------
Melee: Dagger            |     9 |    10 |    55 |     8 ||    82
 Cast: Flame Tongue      |    60 |    77 |   148 |    20 ||   305
       Throw Flame       |     9 |    38 |    58 |    10 ||   115
       Sticky Flame      |       |     5 |    24 |     1 ||    30
       Conjure Flame     |       |       |    11 |     2 ||    13
       Fireball          |       |       |     6 |     1 ||     7
       Stone Arrow       |       |       |    25 |     5 ||    30
       Blink             |       |       |       |     1 ||     1
Evoke: Wand              |       |       |     7 |       ||     7
  Use: Scroll            |       |     7 |     6 |       ||    13
 Stab: Sleeping          |     1 |     1 |     1 |       ||     3
  Eat: Chunk             |     2 |     8 |    13 |       ||    23
       Ration            |       |       |       |     1 ||     1
Armor: Robe              |    12 |     4 |    13 |     2 ||    31
Dodge: Dodged            |    39 |    32 |    56 |     8 ||   135
